 Dungeon Crawl Stone Soup version 0.24.0-37-gcf1ca852f1 (webtiles) character file.

Game seed: 13077177527651796678, levelgen mode: deterministic

25 Exporg the Charmwright (level 2, -2/22 HPs)
             Began as a Demonspawn Skald on Dec 7, 2019.
             Slain by an adder (3 damage)
             ... on level 2 of the Dungeon.
             The game lasted 00:01:05 (1232 turns).

Exporg the Charmwright (Demonspawn Skald)           Turns: 1232, Time: 00:01:07

Health: -2/22      AC:  3    Str: 11    XL:     2   Next: 86%
Magic:  5/5        EV: 12    Int: 14    God:
Gold:   23         SH:  0    Dex: 12    Spells: 4/5 levels left

rFire    . . .     SeeInvis .   a - +0 mace
rCold    . . .     Gourm    .   (no shield)
rNeg     . . .     Faith    .   b - +0 leather armour
rPois    .         Spirit   .   (helmet restricted)
rElec    .         Reflect  .   (no cloak)
rCorr    .         Harm     .   (no gloves)
MR       .....                  (no boots)
Stlth    +.........             (no amulet)
HPRegen  0.07/turn              (no ring)
MPRegen  0.09/turn              (no ring)

@: lethally poisoned (-2 -> -7)
A: antennae 1
a: no special abilities


You were on level 2 of the Dungeon.
You were very hungry.

You visited 1 branch of the dungeon, and saw 2 of its levels.

You collected 23 gold pieces.

Inventory:

Hand Weapons
 a - a +0 mace (weapon)
Armour
 b - a +0 leather armour (worn)
 e - a +0 chain mail
Scrolls
 f - a scroll of enchant weapon {unknown}
 h - a scroll of blinking {unknown}
Potions
 c - a potion of berserk rage {unknown}
 g - 2 potions of degeneration {unknown}
 i - a potion of haste {unknown}
 j - a potion of resistance {unknown}
Comestibles
 d - a ration


   Skills:
 + Level 2.1 Fighting
 + Level 2.4 Maces & Flails
 + Level 1.1 Armour
 + Level 1.9 Dodging
 + Level 2.0 Spellcasting
 + Level 2.9 Charms


You had 4 spell levels left.
You knew the following spells:

 Your Spells              Type           Power        Failure   Level  Hunger
a - Infusion              Chrm           #...         10%         1    ##.....

Your spell library contained the following spells:

 Spells                   Type           Power        Failure   Level  Hunger
 Song of Slaying          Chrm           #.......     14%         2    ###....
 Shroud of Golubria       Chrm/Tloc      #.....       26%         2    ###....
 Regeneration             Chrm/Necr      #.........   45%         3    ####...
 Spectral Weapon          Hex/Chrm       #.......     45%         3    ####...


Dungeon Overview and Level Annotations

Branches:
Dungeon (2/15)

Altars:


Innate Abilities, Weirdness & Mutations

You have a pair of small antennae on your head.


Message History

Your leather armour prevents you from hitting the adder.
The adder is moderately wounded.
The adder bites you but does no damage. The adder barely misses you.
You closely miss the adder.
The adder is moderately wounded.
You feel sick. The adder closely misses you.
You barely miss the adder.
The adder is moderately wounded.
The adder misses you. The adder completely misses you.
You miss the adder.
The adder is moderately wounded.
The adder misses you. The adder bites you.
* * * LOW HITPOINT WARNING * * *
You are more poisoned.
The adder poisons you!
You hit the adder.
The adder is moderately wounded.
* * * LOW HITPOINT WARNING * * *
You feel sick. The adder bites you.
You die...

.#.# ....###
.###....###
.......$..#
##........####
#............#
♣......##.###
♣...<..@S...#
♣♣.......#.....
♣.....#>.<..##
♣♣♣♣..####...
♣..# #.. ...# .
♣P... ♣♣##.#


You could see an adder.

Vanquished Creatures
  A dart slug (D:1)
  A giant cockroach (D:1)
  A goblin (D:1)
  2 hobgoblins (D:1)
  4 jackals (D:1)
  4 kobolds (D:1)
  3 bats (D:1)
  3 frilled lizards (D:1)
  3 rats (D:1)
22 creatures vanquished.

Notes
Turn   | Place    | Note
-------+----------+-------------------------------------------
     0 | D:1      | Exporg the Demonspawn Skald began the quest for the Orb.
     0 | D:1      | Reached XP level 1. HP: 16/16 MP: 3/3
   149 | D:1      | Reached skill level 1 in Armour
   149 | D:1      | Gained mutation: You have a pair of small antennae on your
                  | head. [demonic ancestry]
   149 | D:1      | Reached XP level 2. HP: 10/22 MP: 5/5
  1232 | D:2      | HP: 1/22 [poisoned by an adder]
  1232 | D:2      | Slain by an adder

Levels and vault maps discovered:
D:1:      zelgadis_glass_arrival_small, layout_loops_corners
D:2:      layout_rooms, nemelex_altar_shiori, serial_bayou, serial_bayou_lake_a,
          serial_bayou_pond_a, serial_bayou_pond_c, serial_bayou_pond_a,
          serial_bayou_crossing, hangedman_decor_push, kennysheep_pointless_box,
          minmay_cupped, uniq_jessica

Skill      XL: |  1 |
---------------+----+-----
Maces & Flails | 2 |  2.4
Armour         | 1 |  1.1
Fighting       | |  2.1
Dodging        | |  1.9
Spellcasting   | |  2.0
Charms         | |  2.9

Action                   || total
-------------------------++-------
Melee: Mace              ||    96
Armor: Leather armour    ||    29
Dodge: Dodged            ||    84
